AoeStats
← woif00

Migration

509096986Analyzed
1v1 RM · 8d ago on Sep 25, 2026· 18m 53s· 2 players
Game mode
Random Map
Map size
132×132
Population
200
Speed
Normal
Resources
Standard
Victory
Conquest
Starting age
Dark Age
Ending age
Imperial Age
RankedLock teamsTeams togetherTeam positionsShared explorationLock speedFull tech treeHidden civsTurbo modeCheats
Victory
Defeat
🇸🇪 Danes · Sweden
1186
+14
🇦🇹 Saxons · Austria
1144
-14
Klypabaarke
6:55 Loom
10:49 Feudal Age
11:22 Double-Bit Axe
16:01 Wheelbarrow
17:26 Man-at-Arms
21:01 Castle Age
woif00
0:46 Loom
14:16 Feudal Age
12:32 Loom
14:59 Fishing Lines
15:07 Double-Bit Axe
17:52 Castle Age
16:31 Wheelbarrow
15:42 Town Watch
19:28 Medium Warships
Connection lost

Rejoining the realm…

Still unreachable

The connection could not be restored.

Session expired

The server has moved on; the page needs a fresh start.